 Dungeon Crawl Stone Soup version 0.29.1-2-gbd0b4ee654 (webtiles) character file.

Game seed: 9989219306159049674

189 qeuew the Ducker (level 5, 0/41 HPs)
             Began as a Merfolk Gladiator on Nov 10, 2022.
             Slain by a hound (3 damage)
             ... on level 3 of the Dungeon.
             The game lasted 00:02:56 (2692 turns).

qeuew the Ducker (Merfolk Gladiator)                Turns: 2692, Time: 00:02:57

Health: 0/41       AC:  6    Str: 15 (16) XL:     5   Next: 68%
Magic:  5/5        EV: 13    Int:  7      God:
Gold:   155        SH:  0    Dex: 16      Spells: 4/4 levels left

rFire   . . .      SeeInvis .   a - +0 trident
rCold   . . .      Faith    .   (no shield)
rNeg    . . .      Spirit   .   h - +0 ring mail
rPois   .          Reflect  .   c - +0 helmet
rElec   .          Harm     .   g - scarf {+Inv}
rCorr   .          Rampage  .   (no gloves)
Will    .....                   (no boots)
Stlth   +.........              (no amulet)
HPRegen 0.13/turn               (no ring)
MPRegen 0.09/turn               (no ring)

@: no status effects
A: (nimble swimmer 2), mertail
a: Evoke Invisibility


You were on level 3 of the Dungeon.
You visited 1 branch of the dungeon, and saw 4 of its levels.

You collected 155 gold pieces.

Inventory:

Hand Weapons
 a - a +0 trident (weapon)
Missiles
 d - 3 throwing nets (quivered)
 e - a javelin
Armour
 c - a +0 helmet (worn)
 g - a scarf of invisibility (worn)
 h - a +0 ring mail (worn)
Scrolls
 b - a scroll of teleportation
 f - a scroll of identify


   Skills:
 + Level 3.3 Fighting
 + Level 5.0 Polearms
 + Level 3.0 Throwing
 + Level 1.4 Armour
 + Level 5.1 Dodging
 + Level 0.4 Evocations


You had 4 spell levels left.
You didn't know any spells.
Your spell library contained the following spells:

 Spells                   Type           Power      Damage    Failure   Level
 Conjure Ball Lightning   Conj/Air       0%         3x3d6     100%        6
 Discord                  Hex            0%         N/A       100%        8
 Disjunction              Tloc           0%         N/A       100%        8


Dungeon Overview and Level Annotations

Branches:
Dungeon (4/15)
 Temple: D:4-7

Altars:
The Shining One

Shops:
D:1 (


Innate Abilities, Weirdness & Mutations

((You are very nimble when in or above water. (Stealth+, EV+, Speed+++)))
Your lower body shifts to a powerful aquatic tail in water.


Message History

You climb upwards.
There is a stone staircase leading down here.
You closely miss the hound. The hound bites you but does no damage.
The endoplasm freezes you.
You are frozen.
* * * LOW HITPOINT WARNING * * *
The hound misses you.
You puncture the hound!
The hound is heavily wounded.
The endoplasm closely misses you. The hound bites you.
* * * LOW HITPOINT WARNING * * *
You hit the hound but do no damage.
The hound is heavily wounded.
The hound misses you.
The endoplasm hits you but does no damage.
The hound pauses to sniff the ground.
The hound bites you but does no damage.
You completely miss the hound.
The hound is heavily wounded.
The endoplasm freezes you.
You are frozen.
* * * LOW HITPOINT WARNING * * *
The hound barely misses you.
You miss the hound.
The hound is heavily wounded.
The hound barely misses you. The endoplasm hits you.
* * * LOW HITPOINT WARNING * * *
The hound bites you but does no damage. The endoplasm freezes you.
You are frozen.
* * * LOW HITPOINT WARNING * * *
You aren't carrying any potions.
You hit the hound.
The hound is heavily wounded.
The hound bites you but does no damage. The endoplasm freezes you.
You are frozen.
* * * LOW HITPOINT WARNING * * *
The hound bites you.
You die...

### ##.########
#.#.(.....#
##.######.#
######## #.# #.#
#....... #.#
##J####### #.######
#.# #.@......# #.#
# #.# #.h#####.#
#.# # #.# #..# #.#
#.# # ###.# #..#
#.###)###### #...#
#..#####...........
#.###
#..............##[#
#.#
#.##########.#.....
#.# #.########
#.####.. #.#
#........# #.####..


You could see a hound and an endoplasm.

Vanquished Creatures
  A hound (D:4)
  Natasha (twice) (D:2)
  4 adders
  2 worms
  3 dart slugs
  7 endoplasms
  4 giant cockroaches (D:2)
  6 hobgoblins
  2 quokkas
  7 ball pythons
  7 bats
  6 frilled lizards
  5 goblins
  6 kobolds
  5 rats
67 creatures vanquished.

Notes
Turn   | Place    | Note
-------+----------+-------------------------------------------
     0 | D:1      | qeuew the Merfolk Gladiator began the quest for the Orb.
     0 | D:1      | Reached XP level 1. HP: 16/16 MP: 1/1
   347 | D:1      | Reached XP level 2. HP: 23/23 MP: 2/2
   525 | D:1      | Found a faded altar of an unknown god.
   766 | D:1      | Reached XP level 3. HP: 28/28 MP: 3/3
   823 | D:1      | Found Riunuof's Antique Weapon Shop.
  1135 | D:2      | Reached XP level 4. HP: 31/34 MP: 4/4
  1222 | D:2      | Reached skill level 1 in Armour
  1421 | D:2      | Noticed Natasha
  1432 | D:2      | Killed Natasha
  1716 | D:2      | Noticed Natasha
  1724 | D:2      | Killed Natasha
  1725 | D:2      | Reached XP level 5. HP: 34/41 MP: 5/5
  1917 | D:3      | Reached skill level 5 in Dodging
  2083 | D:3      | Reached skill level 5 in Polearms
  2482 | D:3      | Found a glowing golden altar of the Shining One.
  2692 | D:3      | Slain by a hound

Illustrated notes

Levels and vault maps discovered:
D:1:      roderic_octagonal_star, layout_rooms, serial_shops,
          nicolae_shop_hallway_stairs, hellmonk_ecumenical_altar_slurped_away,
          nrook_loot_triangle
D:2:      layout_basic, uniq_natasha
D:3:      layout_loops_ring, tso_altar
D:4:      layout_rooms, kennysheep_slug_shrine, hangedman_decor_riveting

Skill      XL: |  1  2  3  4  5 |
---------------+----------------+-----
Armour         | 1 |  1.4
Fighting       | 3 |  3.3
Dodging        | 5 |  5.1
Polearms       | 5 |  5.0
Throwing       | 3 |  3.0
Evocations     | |  0.4

Action                   |  1- 3 |  4- 6 || total
-------------------------+-------+-------++-------
Melee: Trident           |   100 |   150 ||   250
       Punch             |     1 |       ||     1
  Use: Potion            |     3 |       ||     3
       Scroll            |     1 |     5 ||     6
 Stab: Sleeping          |     1 |       ||     1
Armor: Leather armour    |    17 |       ||    17
       Ring mail         |     3 |    56 ||    59
Dodge: Dodged            |    47 |    99 ||   146
